R+ - U24
MISSOULA OSPREY @ OGDEN RAPTORS
09/05/2052
 
TOP OF THE 1ST
Burlington Sock Puppets batting - Pitching for Lethbridge Black Diamonds : RHP Carlos Garay
Pitching: RHP Carlos Garay
Batting: RHB Joshua Peterson 0-0: Ball
1-0: Fly out, F2 (Popup, 23F, EV 80.6 MPH)
Batting: RHB Sergio Garcia 0-0: Ball
1-0: Ground out 6-3 (Groundball, 6S, EV 80.0 MPH)
Batting: RHB Luís Barraco 0-0: Ball
1-0: Ball
2-0: Foul Ball, location: 2F
2-1: DOUBLE (Line Drive, 5D, EV 105.0 MPH)
Batting: LHB Cade Richmond 0-0: Ball
1-0: Called Strike
1-1: Ball
2-1: Ball
3-1: Base on Balls
Batting: RHB Ronny Meckel 0-0: Called Strike
0-1: Foul Ball, location: 2F
0-2: Foul Ball, location: 2F
0-2: Ball
1-2: Fielders Choice at 2nd, 6-4 (Groundball, 6, EV 84.4 MPH)
Top of the 1st over - 0 runs, 1 hit, 0 errors, 2 left on base; Burlington 0 - Lethbridge 0
BOTTOM OF THE 1ST
Lethbridge Black Diamonds batting - Pitching for Burlington Sock Puppets : RHP Rosario Leal
Pitching: RHP Rosario Leal
Batting: LHB Jeremy Caster 0-0: Called Strike
0-1: Ball
1-1: Fly out, F8 (Flyball, 78M, EV 89.4 MPH)
Batting: RHB Don Reeves 0-0: Ball
1-0: Ball
2-0: Swinging Strike
2-1: Foul Ball, location: 2F
2-2: Strikes out looking
Batting: LHB Vince Sanchez 0-0: Foul Ball, location: 2F
0-1: Fly out, F7 (Flyball, 7LS, EV 88.8 MPH)
Bottom of the 1st over - 0 runs, 0 hits, 0 errors, 0 left on base; Burlington 0 - Lethbridge 0
TOP OF THE 2ND
Burlington Sock Puppets batting - Pitching for Lethbridge Black Diamonds : RHP Carlos Garay
Batting: SHB Ledley Hamilton 0-0: Called Strike
0-1: Ball
1-1: Ball
2-1: Ball
3-1: Swinging Strike
3-2: Base on Balls
Batting: RHB Winfred Ruff 0-0: Foul Ball, location: 2F
0-1: Ball
1-1: Foul Ball, location: 2F
1-2: Ball
2-2: SINGLE (Groundball, 13, EV 81.2 MPH) (infield hit)
Ledley Hamilton to second
Batting: RHB Kraig Cuevas 0-0: Ball
1-0: Swinging Strike
1-1: Ball
2-1: Fly out, F7 (Flyball, 78M, EV 88.1 MPH)
Batting: RHB Fidel Reyes 0-0: Ball
1-0: Ball
2-0: Ball
3-0: Called Strike
3-1: Base on Balls
Ledley Hamilton to third
Winfred Ruff to second
Batting: RHB Joshua Peterson 0-0: Foul Ball, location: 2F
0-1: Fielders Choice at 2nd, 4-6 (Groundball, 4, EV 88.8 MPH)
Ledley Hamilton scores
Winfred Ruff to third
Batting: RHB Sergio Garcia 0-0: SINGLE (Groundball, 34D, EV 95.6 MPH)
Winfred Ruff scores
Joshua Peterson to second
Runner from 2nd tries for 3rd, SAFE, throw by RF made to third
Batting: RHB Luís Barraco 0-0: Called Strike
0-1: Ball
1-1: Foul Ball, location: 2F
1-2: Strikes out looking
Top of the 2nd over - 2 runs, 2 hits, 0 errors, 2 left on base; Burlington 2 - Lethbridge 0
BOTTOM OF THE 2ND
Lethbridge Black Diamonds batting - Pitching for Burlington Sock Puppets : RHP Rosario Leal
Batting: RHB M.J. Garis 0-0: Fly out, F8 (Flyball, 8RD, EV 91.2 MPH)
Batting: RHB Andy Yarbrough 0-0: Ground out 5-3 (Groundball, 5, EV 101.9 MPH)
Batting: RHB Mack Campbell 0-0: Fly out, F8 (Flyball, 8LXD, EV 88.8 MPH)
Bottom of the 2nd over - 0 runs, 0 hits, 0 errors, 0 left on base; Burlington 2 - Lethbridge 0
TOP OF THE 3RD
Burlington Sock Puppets batting - Pitching for Lethbridge Black Diamonds : RHP Carlos Garay
Batting: LHB Cade Richmond 0-0: Called Strike
0-1: Foul Ball, location: 2F
0-2: Foul Ball, location: 2F
0-2: Ground out U3 (Groundball, 34, EV 108.1 MPH)
Batting: RHB Ronny Meckel 0-0: Ball
1-0: Ball
2-0: Fly out, F9 (Flyball, 89M, EV 89.4 MPH)
Batting: SHB Ledley Hamilton 0-0: Ball
1-0: Called Strike
1-1: Ball
2-1: Ball
3-1: Base on Balls
Batting: RHB Winfred Ruff 0-0: Ball
1-0: Foul Ball, location: 2F
1-1: Called Strike
1-2: Strikes out swinging
Top of the 3rd over - 0 runs, 0 hits, 0 errors, 1 left on base; Burlington 2 - Lethbridge 0
BOTTOM OF THE 3RD
Lethbridge Black Diamonds batting - Pitching for Burlington Sock Puppets : RHP Rosario Leal
Batting: LHB Colton DuBois 0-0: Ball
1-0: Ball
2-0: Called Strike
2-1: Foul Ball, location: 2F
2-2: Strikes out swinging
Batting: RHB Franklin Gracia 0-0: Ball
1-0: Ball
2-0: Ground out 6-3 (Groundball, 6, EV 110.0 MPH)
Batting: RHB Lincoln King 0-0: Called Strike
0-1: Ball
1-1: Called Strike
1-2: Strikes out swinging
Bottom of the 3rd over - 0 runs, 0 hits, 0 errors, 0 left on base; Burlington 2 - Lethbridge 0
TOP OF THE 4TH
Burlington Sock Puppets batting - Pitching for Lethbridge Black Diamonds : RHP Carlos Garay
Batting: RHB Kraig Cuevas 0-0: Ball
1-0: Hit by Pitch
Batting: RHB Fidel Reyes 0-0: Called Strike
0-1: Ball
1-1: Ball
2-1: Ball
3-1: Foul Ball, location: 2F
3-2: Base on Balls
Kraig Cuevas to second
Batting: RHB Joshua Peterson 0-0: Fly out, F4 (Flyball, 3D, EV 90.0 MPH)
Batting: RHB Sergio Garcia 0-0: Grounds into double play, 6-4-3 (Groundball, 6, EV 84.4 MPH)
Top of the 4th over - 0 runs, 0 hits, 0 errors, 1 left on base; Burlington 2 - Lethbridge 0
BOTTOM OF THE 4TH
Lethbridge Black Diamonds batting - Pitching for Burlington Sock Puppets : RHP Rosario Leal
Batting: LHB Jeremy Caster 0-0: Swinging Strike
0-1: Foul Ball, location: 2F
0-2: Ball
1-2: Foul Ball, location: 2F
1-2: Strikes out swinging
Batting: RHB Don Reeves 0-0: Ball
1-0: Reached on error, E5 (Groundball, 5, EV 81.9 MPH)
Batting: LHB Vince Sanchez 0-0: Called Strike
0-1: Ball
1-1: Ground out U3 (Groundball, 3, EV 81.9 MPH)
Don Reeves to third
Batting: RHB M.J. Garis 0-0: Ball
1-0: Called Strike
1-1: Ball
2-1: Called Strike
2-2: Ground out 6-3 (Groundball, 6, EV 81.2 MPH)
Bottom of the 4th over - 0 runs, 0 hits, 1 error, 1 left on base; Burlington 2 - Lethbridge 0
TOP OF THE 5TH
Burlington Sock Puppets batting - Pitching for Lethbridge Black Diamonds : RHP Carlos Garay
Batting: RHB Luís Barraco 0-0: Called Strike
0-1: Fly out, F8 (Line Drive, 8LD, EV 95.6 MPH)
Batting: LHB Cade Richmond 0-0: Ball
1-0: Ball
2-0: Called Strike
2-1: Ball
3-1: Foul Ball, location: 2F
3-2: Fly out, F8 (Flyball, 8LXD, EV 91.9 MPH)
Batting: RHB Ronny Meckel 0-0: Ball
1-0: Ground out 5-3 (Groundball, 56, EV 88.8 MPH)
Top of the 5th over - 0 runs, 0 hits, 0 errors, 0 left on base; Burlington 2 - Lethbridge 0
BOTTOM OF THE 5TH
Lethbridge Black Diamonds batting - Pitching for Burlington Sock Puppets : RHP Rosario Leal
Batting: RHB Andy Yarbrough 0-0: Ball
1-0: Fly out, F9 (Flyball, 89S, EV 83.1 MPH)
Batting: RHB Mack Campbell 0-0: Ball
1-0: Ball
2-0: Called Strike
2-1: Foul Ball, location: 2F
2-2: Ball
3-2: SINGLE (Flyball, 5D, EV 91.2 MPH)
Batting: LHB Colton DuBois 0-0: Ball
1-0: Swinging Strike
1-1: Called Strike
1-2: Strikes out looking
Batting: RHB Franklin Gracia 0-0: Ball
1-0: Called Strike
1-1: Fly out, F8 (Line Drive, 8LM, EV 85.0 MPH)
Bottom of the 5th over - 0 runs, 1 hit, 0 errors, 1 left on base; Burlington 2 - Lethbridge 0
TOP OF THE 6TH
Burlington Sock Puppets batting - Pitching for Lethbridge Black Diamonds : RHP Carlos Garay
Pitching: LHP Vicente Pérez
Batting: SHB Ledley Hamilton 0-0: Ball
1-0: Swinging Strike
1-1: Foul Ball, location: 2F
1-2: DOUBLE (Line Drive, 89XD, EV 100.0 MPH)
Batting: RHB Winfred Ruff 0-0: Intentional Walk
Batting: RHB Kraig Cuevas 0-0: Ball
1-0: Called Strike
1-1: Swinging Strike
1-2: Ball
2-2: Fly out, F4 (Popup, 34S, EV 85.6 MPH)
Batting: RHB Fidel Reyes 0-0: Ball
1-0: Ball
2-0: Called Strike
2-1: Called Strike
2-2: Ball
3-2: Foul Ball, location: 2F
3-2: Fielders Choice at 2nd, 4-6 (Groundball, 4, EV 83.8 MPH)
Ledley Hamilton to third
Batting: RHB Joshua Peterson 0-0: Called Strike
0-1: Ball
1-1: Fly out, F8 (Flyball, 8LD, EV 94.4 MPH)
Top of the 6th over - 0 runs, 1 hit, 0 errors, 2 left on base; Burlington 2 - Lethbridge 0
BOTTOM OF THE 6TH
Lethbridge Black Diamonds batting - Pitching for Burlington Sock Puppets : RHP Rosario Leal
Batting: RHB Lincoln King 0-0: Called Strike
0-1: Ball
1-1: Foul Ball, location: 2F
1-2: Ball
2-2: Strikes out swinging
Batting: LHB Jeremy Caster 0-0: Ball
1-0: Called Strike
1-1: Ball
2-1: Foul Ball, location: 2F
2-2: Foul Ball, location: 2F
2-2: Ball
3-2: Strikes out looking
Batting: RHB Don Reeves 0-0: Ball
1-0: Foul Ball, location: 2F
1-1: Foul Ball, location: 2F
1-2: SINGLE (Groundball, 56D, EV 95.6 MPH)
Batting: LHB Vince Sanchez 0-0: Ball
1-0: Called Strike
1-1: Ball
2-1: Foul Ball, location: 2F
2-2: Foul Ball, location: 2F
2-2: Foul Ball, location: 2F
2-2: Ball
3-2: Strikes out swinging
Bottom of the 6th over - 0 runs, 1 hit, 0 errors, 1 left on base; Burlington 2 - Lethbridge 0
TOP OF THE 7TH
Burlington Sock Puppets batting - Pitching for Lethbridge Black Diamonds : LHP Vicente Pérez
Batting: RHB Sergio Garcia 0-0: Ball
1-0: Ground out 1-3 (Groundball, 15S, EV 63.1 MPH)
Batting: RHB Luís Barraco 0-0: Foul Ball, location: 2F
0-1: Ball
1-1: Ball
2-1: Fly out, F7 (Line Drive, 7D, EV 86.9 MPH)
Batting: LHB Cade Richmond 0-0: Ball
1-0: Ball
2-0: Foul Ball, location: 2F
2-1: Fly out, F8 (Flyball, 8RM, EV 90.0 MPH)
Top of the 7th over - 0 runs, 0 hits, 0 errors, 0 left on base; Burlington 2 - Lethbridge 0
BOTTOM OF THE 7TH
Lethbridge Black Diamonds batting - Pitching for Burlington Sock Puppets : RHP Rosario Leal
Batting: RHB M.J. Garis 0-0: Swinging Strike
0-1: Called Strike
0-2: Ball
1-2: Strikes out swinging
Batting: RHB Andy Yarbrough 0-0: Called Strike
0-1: Foul Ball, location: 2F
0-2: SINGLE (Line Drive, 6MD, EV 95.6 MPH)
Batting: RHB Mack Campbell 0-0: Ball
1-0: Ball
2-0: Ball
3-0: Base on Balls
Andy Yarbrough to second
Batting: LHB Colton DuBois 0-0: Ball
1-0: Foul Ball, location: 2F
1-1: Fly out, F4 (Line Drive, 4, EV 67.5 MPH)
Batting: RHB Franklin Gracia 0-0: Ball
1-0: Ball
2-0: Ball
3-0: Base on Balls
Andy Yarbrough to third
Mack Campbell to second
Pinch Hitting: SHB Roy Leeper 0-0: Ball
1-0: Swinging Strike
1-1: Foul Ball, location: 2F
1-2: Ball
2-2: DOUBLE (Line Drive, 9LS, EV 100.0 MPH)
Andy Yarbrough scores
Mack Campbell scores
Franklin Gracia to third
Runner from 3rd tries for Home, SAFE, throw by RF to home
Batting: LHB Jeremy Caster 0-0: Foul Ball, location: 2F
0-1: Swinging Strike
0-2: Foul Ball, location: 2F
0-2: Ball
1-2: Ground out U3 (Groundball, 34S, EV 93.1 MPH)
Bottom of the 7th over - 3 runs, 2 hits, 0 errors, 1 left on base; Burlington 2 - Lethbridge 3
TOP OF THE 8TH
Burlington Sock Puppets batting - Pitching for Lethbridge Black Diamonds : LHP Vicente Pérez
Now in CF: Parker Pettiford
Batting: RHB Ronny Meckel 0-0: Called Strike
0-1: Ball
1-1: Ball
2-1: Fly out, F7 (Flyball, 7S, EV 75.0 MPH)
Batting: SHB Ledley Hamilton 0-0: Ball
1-0: Foul Ball, location: 2F
1-1: Called Strike
1-2: Foul Ball, location: 2F
1-2: Strikes out swinging
Batting: RHB Al Whitworth 0-0: Ball
1-0: Swinging Strike
1-1: Ball
2-1: Swinging Strike
2-2: Strikes out swinging
Top of the 8th over - 0 runs, 0 hits, 0 errors, 0 left on base; Burlington 2 - Lethbridge 3
BOTTOM OF THE 8TH
Lethbridge Black Diamonds batting - Pitching for Burlington Sock Puppets : RHP Rosario Leal
Pitching: RHP Erwin Hurley
Batting: RHB Don Reeves 0-0: Hit by Pitch
Batting: LHB Vince Sanchez 0-0: Foul Ball, location: 2F
0-1: Foul Ball, location: 2F
0-2: Ball
1-2: Ball
2-2: Foul Ball, location: 2F
2-2: Fly out, F7 (Line Drive, 7D, EV 92.5 MPH)
Batting: RHB M.J. Garis 0-0: Called Strike
0-1: Hit by Pitch
Don Reeves to second
Batting: RHB Andy Yarbrough 0-0: Ball
1-0: Ball
2-0: Foul Ball, location: 2F
2-1: Ball
3-1: Base on Balls
Don Reeves to third
M.J. Garis to second
Batting: RHB Mack Campbell 0-0: Foul Ball, location: 2F
0-1: Ball
1-1: Called Strike
1-2: Ball
2-2: Strikes out swinging
Batting: LHB Colton DuBois 0-0: Swinging Strike
0-1: Called Strike
0-2: Strikes out looking
Bottom of the 8th over - 0 runs, 0 hits, 0 errors, 3 left on base; Burlington 2 - Lethbridge 3
TOP OF THE 9TH
Burlington Sock Puppets batting - Pitching for Lethbridge Black Diamonds : LHP Vicente Pérez
Pitching: LHP Elijah Lang
Batting: RHB Kraig Cuevas 0-0: Called Strike
0-1: Ball
1-1: Ball
2-1: Ball
3-1: Foul Ball, location: 2F
3-2: Foul Ball, location: 2F
3-2: Strikes out swinging
Batting: RHB Fidel Reyes 0-0: Ball
1-0: Ball
2-0: Ball
3-0: Called Strike
3-1: Swinging Strike
3-2: Foul Ball, location: 2F
3-2: SINGLE (Flyball, 4MD, EV 93.8 MPH)
Batting: RHB Joshua Peterson 0-0: Ball
1-0: Swinging Strike
1-1: Ground out 6-3 (Groundball, 56, EV 86.9 MPH)
Fidel Reyes to second
Batting: RHB Sergio Garcia 0-0: Ball
1-0: Called Strike
1-1: Swinging Strike
1-2: Ball
2-2: Ball
3-2: Base on Balls
Batting: RHB Luís Barraco 0-0: Called Strike
0-1: Foul Ball, location: 2F
0-2: Foul Ball, location: 2F
0-2: Foul Ball, location: 2F
0-2: Foul Ball, location: 2F
0-2: SINGLE (Groundball, 56D, EV 100.6 MPH)
Fidel Reyes to third
Sergio Garcia to second
Runner from 3rd tries for Home, SAFE, throw by LF to home
Pinch Hitting: RHB Seamus Cole 0-0: Swinging Strike
0-1: Foul Ball, location: 2F
0-2: Ball
1-2: Strikes out swinging
Top of the 9th over - 1 run, 2 hits, 0 errors, 2 left on base; Burlington 3 - Lethbridge 3
BOTTOM OF THE 9TH
Lethbridge Black Diamonds batting - Pitching for Burlington Sock Puppets : RHP Erwin Hurley
Now in RF: Jimmy Petitto
Pinch Hitting: LHB David Estabrook 0-0: Ball
1-0: Foul Ball, location: 2F
1-1: Ground out 5-3 (Groundball, 56, EV 106.9 MPH)
Batting: RHB Parker Pettiford 0-0: Foul Ball, location: 2F
0-1: Foul Ball, location: 2F
0-2: Ball
1-2: Ball
2-2: Foul Ball, location: 2F
2-2: Strikes out swinging
Batting: LHB Jeremy Caster 0-0: Called Strike
0-1: Ball
1-1: Fly out, F8 (Flyball, 8RXD, EV 86.9 MPH)
Bottom of the 9th over - 0 runs, 0 hits, 0 errors, 0 left on base; Burlington 3 - Lethbridge 3
TOP OF THE 10TH
Burlington Sock Puppets batting - Pitching for Lethbridge Black Diamonds : LHP Elijah Lang
Pitching: RHP Pavino Odilon
Now at C: Nathan Beal
Batting: RHB Ronny Meckel 0-0: Called Strike
0-1: Fly out, F7 (Flyball, 78D, EV 103.1 MPH)
Batting: SHB Ledley Hamilton 0-0: Ball
1-0: Fly out, F8 (Flyball, 8RS, EV 86.2 MPH)
Batting: SHB Arbert Reinosa 0-0: Fly out, F4 (Line Drive, 4, EV 68.8 MPH)
Top of the 10th over - 0 runs, 0 hits, 0 errors, 0 left on base; Burlington 3 - Lethbridge 3
BOTTOM OF THE 10TH
Lethbridge Black Diamonds batting - Pitching for Burlington Sock Puppets : RHP Erwin Hurley
Pitching: RHP Josiah Lloyd
Batting: RHB Don Reeves 0-0: Ball
1-0: SOLO HOME RUN (Flyball, 7D, EV 100.0 MPH), Distance : 383 ft
Bottom of the 10th over - 1 run, 1 hit, 0 errors, 0 left on base; Burlington 3 - Lethbridge 4
Game Over ... Lethbridge defeats Burlington, 4 to 3
Monday, May 6th , 2024 - OOTP Baseball 24.11 Build 85